 Dungeon Crawl Stone Soup version 0.30-a0-728-gc68057be0a (webtiles) character file.

Game seed: 10351534167798462493

259 NinjaNoafa the Cleaver (level 6, -5/51 HPs)
             Began as a Hill Orc Fighter on Jan 30, 2023.
             Slain by a gnoll
             ... wielding a +0 halberd
              (6 damage)
             ... on level 3 of the Dungeon.
             The game lasted 00:04:02 (2446 turns).

NinjaNoafa the Cleaver (Hill Orc Fighter)           Turns: 2446, Time: 00:04:03

Health: -5/51      AC:  6    Str: 19    XL:     6   Next: 17%
Magic:  6/6        EV: 10    Int:  8    God:
Gold:   95         SH:  4    Dex: 12    Spells: 5/5 levels left

rFire   + . .      SeeInvis .    a - +0 war axe
rCold   + . .      Faith    .    c - +0 buckler
rNeg    . . .      Spirit   .    p - +1 ring mail {rF+}
rPois   .          Reflect  .    (no helmet)
rElec   .          Harm     .    (no cloak)
rCorr   +          Rampage  .    (no gloves)
Will    .....                    (no boots)
Stlth   +                        (no amulet)
HPRegen 0.28/turn                f - ring of resist corrosion
MPRegen 0.10/turn                o - ring of protection from cold

@: mighty
A: no striking features
a: no special abilities


You were on level 3 of the Dungeon.
You visited 1 branch of the dungeon, and saw 3 of its levels.

You collected 95 gold pieces.

Inventory:

Hand Weapons
 a - a +0 war axe (weapon)
Armour
 c - a +0 buckler (worn)
 p - a +1 ring mail of fire resistance (worn)
Jewellery
 f - a ring of resist corrosion (left hand)
 o - a ring of protection from cold (right hand)
Wands
 n - a wand of polymorph (5)
Scrolls
 e - 2 scrolls of identify {unknown}
 g - a scroll of enchant weapon {unknown}
 i - 2 scrolls of amnesia {unknown}
 k - a scroll of teleportation {unknown}
 l - a scroll of blinking {unknown}
Potions
 b - a potion of flight {unknown}
 h - a potion of brilliance {unknown}
 j - a potion of lignification {unknown}
 m - a potion of heal wounds {unknown}


   Skills:
 - Level 3.6 Fighting
 + Level 8.3 Axes
 - Level 3.2 Armour
 - Level 3.2 Shields


You had 5 spell levels left.
You didn't know any spells.
Your spell library contained the following spells:

 Spells                   Type           Power      Damage    Failure   Level
 Sandblast                Erth           0%         2d4       67%         1
 Passwall                 Tmut/Erth      0%         N/A       82%         2
 Stone Arrow              Conj/Erth      0%         3d7       96%         3


Dungeon Overview and Level Annotations

Branches:
Dungeon (3/15)

Altars:
Zin

Shops:
D:2 =


Message History

The bat attacks as you move away! The bat hits you but does no damage.
The gnoll attacks as you move away!
The gnoll hits you with a +1 hand axe of freezing!
* * * LOW HITPOINT WARNING * * *
You block the bat's attack. The gnoll barely misses you.
The bat hits you but does no damage. The bat attacks as you move away!
The bat misses you. The bat closely misses you. The bat misses you.
The bat hits you but does no damage.
Press: ? - help, v - describe, . - travel
Here: a gnoll, wielding a +1 hand axe of freezing and wearing a +0 ring mail The floor.
The bat hits you but does no damage. The bat attacks as you move away!
You block the bat's attack. The bat barely misses you.
The bat barely misses you. The gnoll attacks as you move away!
You block the gnoll's attack. The bat barely misses you.
Aiming: Polymorph
Press: ? - help, Shift-Dir - straight line, f - gnoll
Aim: a gnoll, wielding a +1 hand axe of freezing and wearing a +0 ring mail (will become a kobold, a river rat, or a hobgoblin, chance to affect: 57%)
Okay, then.
The gnoll attacks as you move away!
The gnoll hits you with a +1 hand axe of freezing!
* * * LOW HITPOINT WARNING * * *
The gnoll freezes you.
* * * LOW HITPOINT WARNING * * *
The bat misses you.
You feel very mighty all of a sudden. The gnoll barely misses you.
You barely miss the gnoll. You slash the bat!
You kill the bat!
The gnoll barely misses you.
The gnoll hits you with a +1 hand axe of freezing.
* * * LOW HITPOINT WARNING * * *
You hit the gnoll.
The gnoll is heavily wounded.
The gnoll hits you from afar with a +0 halberd.
You die...

.......~~....#.......##..........
###~~~~~~### #.......######.....#
####~~~~# #.......# . .......#
..# ####### #.......#.....).....
..# #...##...................
..##### #.......g....... .......
......# #......gg....... ......#
#......g........ ......#
........@....... ......#
................ .....##
................ .....#
#...#.......##.. .....#
#...#.......# # ###### #..
#.......# ## #########


You could see 4 gnolls.

Vanquished Creatures
  Terence (D:2)
  Jessica (D:2)
  An iguana (D:3)
  An orc wizard (D:3)
  6 gnolls
  3 adders
  2 worms
  A dart slug (D:1)
  6 orcs
  6 endoplasms
  A giant cockroach (D:3)
  2 hobgoblins (D:2)
  3 jackals (D:1)
  3 quokkas
  4 ball pythons
  8 bats
  2 frilled lizards (D:2)
  3 goblins
  5 kobolds
  3 rats
62 creatures vanquished.

Notes
Turn   | Place    | Note
-------+----------+-------------------------------------------
     0 | D:1      | NinjaNoafa the Hill Orc Fighter began the quest for the
                  | Orb.
     0 | D:1      | Reached XP level 1. HP: 19/19 MP: 1/1
    29 | D:1      | Reached skill level 3 in Axes
    34 | D:1      | Reached XP level 2. HP: 19/26 MP: 2/2
   243 | D:1      | Found a faded altar of an unknown god.
   267 | D:1      | Reached skill level 4 in Axes
   925 | D:2      | Reached XP level 3. HP: 31/31 MP: 3/3
   925 | D:2      | Noticed Jessica
   927 | D:2      | Killed Jessica
   928 | D:2      | Reached skill level 5 in Axes
   960 | D:1      | Reached XP level 4. HP: 21/39 MP: 4/4
  1105 | D:2      | Reached skill level 6 in Axes
  1219 | D:2      | Noticed Terence
  1267 | D:2      | Killed Terence
  1268 | D:2      | Reached XP level 5. HP: 19/45 MP: 5/5
  1512 | D:2      | Found Zuago's Jewellery Shop.
  1730 | D:2      | Reached skill level 7 in Axes
  1914 | D:3      | Found a glowing silver altar of Zin.
  2297 | D:3      | Reached skill level 8 in Axes
  2297 | D:3      | Reached XP level 6. HP: 34/51 MP: 6/6
  2445 | D:3      | HP: 1/51 [gnoll/+1 hand axe of freezing (3)]
  2446 | D:3      | Slain by a gnoll

Illustrated notes

Levels and vault maps discovered:
D:1:      spicycebolla_green_bress_n_ham, layout_loops_corners,
          basic_ecumenical_altar, st_stairs_4
D:2:      layout_loops_cross, serial_shops, shop, uniq_terence, uniq_jessica
D:3:      cheibrodos_helix_gallery, layout_basic, overflow_temple_1_default

Skill      XL: |  1  2  3  4  5 |
---------------+----------------+-----
Axes           | 3 4 5 6 8 |  8.3
Fighting       | |  3.6
Armour         | |  3.2
Shields        | |  3.2

Action                     |  1- 3 |  4- 6 || total
---------------------------+-------+-------++-------
  Melee: War axe           |    54 |   112 ||   166
         Unarmed           |       |    38 ||    38
    Use: Potion            |       |     1 ||     1
 Armour: Scale mail        |    21 |    13 ||    34
         Skin              |       |     1 ||     1
         Ring mail         |       |    26 ||    26
  Dodge: Dodged            |    27 |    88 ||   115
  Block: Buckler           |     9 |    23 ||    32

Table legend: (Time is in decaauts)
 A = Elapsed time spent in this place.
 B = Non-inter-level travel time spent in this place.
 C = Inter-level travel time spent in this place.
 D = Time resting spent in this place.
 E = Time spent auto-exploring this place.
 F = Levels seen in this place.
 G = Mean time per level.
                   A        B        C        D        E       F      G
               +--------+--------+--------+--------+--------+-----+--------+
         Total |   2480 |   2285 |    195 |     47 |   1677 |   3 |  826.7 |
       Dungeon |   2480 |   2285 |    195 |     47 |   1677 |   3 |  826.7 |
               +--------+--------+--------+--------+--------+-----+--------+

Top non-repeatable levels by time:
     D:1: 1046 daAuts
     D:2: 830 daAuts
     D:3: 603 daAuts
